ITL
HAVANA ROLLERS @ ALLENTOWN HILLBILLIES
05/18/2028
 
TOP OF THE 1ST
Havana Rollers batting - Pitching for Allentown Hillbillies : LHP Holden Clark
Pitching: LHP Holden Clark
Batting: RHB Jesús Villalobos 0-0: Ball
1-0: Bunt for hit - play at first, batter safe!
Batting: RHB Francisco Rincón 0-0: Ball
1-0: Foul Ball, location: 2F
1-1: Ball
2-1: Ball
3-1: Swinging Strike
3-2: SINGLE (Line Drive, 78M)
Jesús Villalobos to second
Batting: SHB Pepe Piña 0-0: Ball
1-0: Ball
2-0: Ball
3-0: Grounds into double play, 4-6-3 (Groundball, 4)
Jesús Villalobos to third
Batting: RHB Paul Bailey 0-0: Foul Ball, location: 2F
0-1: Ball
1-1: Ball
2-1: Called Strike
2-2: Strikes out swinging
Top of the 1st over - 0 run(s), 2 hit(s), 0 error(s), 1 left on base; Havana 0 - Allentown 0
BOTTOM OF THE 1ST
Allentown Hillbillies batting - Pitching for Havana Rollers : RHP Chris Marshall
Pitching: RHP Chris Marshall
Batting: RHB Dan Banks 0-0: Ball
1-0: Foul Ball, location: 2F
1-1: Fly out, F7 (Flyball, 7S)
Batting: RHB Germano Labrego 0-0: Called Strike
0-1: Foul Ball, location: 2F
0-2: Hit by Pitch
Batting: RHB António Yánez 0-0: Called Strike
0-1: Grounds into double play, 5-4-3 (Groundball, 5)
Bottom of the 1st over - 0 run(s), 0 hit(s), 0 error(s), 0 left on base; Havana 0 - Allentown 0
TOP OF THE 2ND
Havana Rollers batting - Pitching for Allentown Hillbillies : LHP Holden Clark
Batting: SHB Yasuhiro Ikarashi 0-0: Called Strike
0-1: Foul Ball, location: 2F
0-2: Ball
1-2: Ball
2-2: Ball
3-2: Ground out 4-3 (Groundball, 4)
Batting: LHB Zhi-huan Loong 0-0: Called Strike
0-1: Ball
1-1: Called Strike
1-2: Fly out, F3 (Line Drive, 3)
Batting: RHB Mitsuharu Matsumoto 0-0: Foul Ball, location: 2F
0-1: Foul Ball, location: 2F
0-2: Ground out 5-3 (Groundball, 56)
Top of the 2nd over - 0 run(s), 0 hit(s), 0 error(s), 0 left on base; Havana 0 - Allentown 0
BOTTOM OF THE 2ND
Allentown Hillbillies batting - Pitching for Havana Rollers : RHP Chris Marshall
Batting: RHB José Mora 0-0: Fly out, F8 (Flyball, 89D)
Batting: LHB John Hudson 0-0: Swinging Strike
0-1: Ball
1-1: Foul Ball, location: 2F
1-2: SINGLE (Line Drive, 34)
Batting: RHB Diego Rivera 0-0: Ball
1-0: Fly out, F8 (Line Drive, 8LM)
Batting: RHB Justin Harris 0-0: Ball
1-0: Ball
2-0: Foul Ball, location: 2F
2-1: Foul Ball, location: 2F
2-2: Ball
3-2: Strikes out swinging
Bottom of the 2nd over - 0 run(s), 1 hit(s), 0 error(s), 1 left on base; Havana 0 - Allentown 0
TOP OF THE 3RD
Havana Rollers batting - Pitching for Allentown Hillbillies : LHP Holden Clark
Batting: RHB León Rivera 0-0: DOUBLE (Line Drive, 78XD)
Batting: LHB Enrique Cortéz 0-0: Ball
1-0: Swinging Strike
1-1: Called Strike
1-2: Strikes out looking
Batting: RHB Jesús Villalobos 0-0: Ball
1-0: Fly out, F7 (Flyball, 7S)
Batting: RHB Francisco Rincón 0-0: Called Strike
0-1: Ball
1-1: DOUBLE (Line Drive, 78M)
León Rivera scores
Batting: SHB Pepe Piña 0-0: Ball
1-0: Fly out, F4 (Popup, 4MD)
Top of the 3rd over - 1 run(s), 2 hit(s), 0 error(s), 1 left on base; Havana 1 - Allentown 0
BOTTOM OF THE 3RD
Allentown Hillbillies batting - Pitching for Havana Rollers : RHP Chris Marshall
Batting: RHB Millard Stark 0-0: Ball
1-0: Ball
2-0: Called Strike
2-1: SINGLE (Line Drive, 34)
Batting: RHB Joel Jackson 0-0: Called Strike
0-1: Fly out, F8 (Flyball, 8LS)
Batting: RHB Dan Banks 0-0: DOUBLE (Line Drive, 7LM)
Millard Stark to third
Batting: RHB Germano Labrego 0-0: Foul Ball, location: 2F
0-1: Ball
1-1: Reached on error, E6 (Groundball, 6)
Millard Stark scores
Dan Banks to third
Batting: RHB António Yánez 0-0: Ball
1-0: Ball
2-0: SINGLE (Line Drive, 6D)
Dan Banks scores
Germano Labrego to second
Batting: RHB José Mora 0-0: Ball
1-0: Foul Ball, location: 2F
1-1: Called Strike
1-2: Foul Ball, location: 2F
1-2: Ball
2-2: Strikes out swinging
Batting: LHB John Hudson 0-0: Called Strike
0-1: Ball
1-1: Foul Ball, location: 2F
1-2: Ball
2-2: Foul Ball, location: 2F
2-2: Ball
3-2: Foul Ball, location: 2F
3-2: Ground out 6-3 (Groundball, 6)
Bottom of the 3rd over - 2 run(s), 3 hit(s), 1 error(s), 2 left on base; Havana 1 - Allentown 2
TOP OF THE 4TH
Havana Rollers batting - Pitching for Allentown Hillbillies : LHP Holden Clark
Batting: RHB Paul Bailey 0-0: Called Strike
0-1: Foul Ball, location: 2F
0-2: Ball
1-2: Ball
2-2: TRIPLE (Line Drive, 78XD)
Batting: SHB Yasuhiro Ikarashi 0-0: Ball
1-0: Swinging Strike
1-1: Ball
2-1: 2-RUN HOME RUN (Flyball, 78XD), Distance : 402 ft
Batting: LHB Zhi-huan Loong 0-0: Ball
1-0: Ground out 4-3 (Groundball, 4)
Batting: RHB Mitsuharu Matsumoto 0-0: Ball
1-0: Called Strike
1-1: Called Strike
1-2: Ground out 5-3 (Groundball, 56)
Batting: RHB León Rivera 0-0: Ball
1-0: DOUBLE (Flyball, 78D)
Batting: LHB Enrique Cortéz 0-0: Swinging Strike
0-1: Ball
1-1: Foul Ball, location: 2F
1-2: Foul Ball, location: 2F
1-2: Foul Ball, location: 2F
1-2: Foul Ball, location: 2F
1-2: Foul Ball, location: 2F
1-2: Ball
2-2: Strikes out swinging
Top of the 4th over - 2 run(s), 3 hit(s), 0 error(s), 1 left on base; Havana 3 - Allentown 2
BOTTOM OF THE 4TH
Allentown Hillbillies batting - Pitching for Havana Rollers : RHP Chris Marshall
Batting: RHB Diego Rivera 0-0: Ball
1-0: Foul Ball, location: 2F
1-1: Ground out 1-3 (Groundball, 13)
Batting: RHB Justin Harris 0-0: Ball
1-0: Called Strike
1-1: Foul Ball, location: 2F
1-2: Ground out 1-3 (Groundball, 13S)
Batting: RHB Millard Stark 0-0: Called Strike
0-1: Fly out, F7 (Flyball, 7)
Bottom of the 4th over - 0 run(s), 0 hit(s), 0 error(s), 0 left on base; Havana 3 - Allentown 2
TOP OF THE 5TH
Havana Rollers batting - Pitching for Allentown Hillbillies : LHP Holden Clark
Batting: RHB Jesús Villalobos 0-0: Called Strike
0-1: Fly out, F7 (Flyball, 7LD)
Now in LF: Albert Lutz
Batting: RHB Francisco Rincón 0-0: Ball
1-0: Called Strike
1-1: Foul Ball, location: 2F
1-2: Ball
2-2: Foul Ball, location: 2F
2-2: SINGLE (Groundball, 4MD)
Batting: SHB Pepe Piña 0-0: Called Strike
0-1: Swinging Strike
0-2: Strikes out looking
Batting: RHB Paul Bailey 0-0: Ball
1-0: Ball
2-0: Ball
3-0: Swinging Strike
3-1: Base on Balls
Francisco Rincón to second
Batting: SHB Yasuhiro Ikarashi 0-0: Ball
1-0: Ball
2-0: Ball
3-0: Base on Balls
Francisco Rincón to third
Paul Bailey to second
Pitching: LHP Alejandro Castillo
Batting: LHB Zhi-huan Loong 0-0: Swinging Strike
0-1: Called Strike
0-2: Ball
1-2: Ball
2-2: Ball
3-2: Strikes out looking
Top of the 5th over - 0 run(s), 1 hit(s), 0 error(s), 3 left on base; Havana 3 - Allentown 2
BOTTOM OF THE 5TH
Allentown Hillbillies batting - Pitching for Havana Rollers : RHP Chris Marshall
Batting: RHB Joel Jackson 0-0: Ball
1-0: Fly out, F9 (Line Drive, 89M)
Batting: RHB Dan Banks 0-0: Swinging Strike
0-1: Fly out, F8 (Flyball, 8LM)
Batting: RHB Germano Labrego 0-0: Called Strike
0-1: DOUBLE (Line Drive, 89XD)
Pinch Runner at 2nd Rafael Flores:
Batting: RHB António Yánez 0-0: Fly out, F9 (Line Drive, 9)
Bottom of the 5th over - 0 run(s), 1 hit(s), 0 error(s), 1 left on base; Havana 3 - Allentown 2
TOP OF THE 6TH
Havana Rollers batting - Pitching for Allentown Hillbillies : LHP Alejandro Castillo
Now at 1B: Rafael Flores
Batting: RHB Mitsuharu Matsumoto 0-0: Called Strike
0-1: Called Strike
0-2: Ground out 5-3 (Groundball, 5L)
Batting: RHB León Rivera 0-0: Called Strike
0-1: Ball
1-1: Swinging Strike
1-2: Ball
2-2: Ball
3-2: Fly out, F5 (Line Drive, 56)
Batting: LHB Enrique Cortéz 0-0: Ball
1-0: Called Strike
1-1: Swinging Strike
1-2: Foul Ball, location: 2F
1-2: Ball
2-2: Foul Ball, location: 2F
2-2: SINGLE (Line Drive, 4M)
Batting: RHB Jesús Villalobos 0-0: Ball
1-0: Ball
2-0: Called Strike
2-1: Ball
3-1: Foul Ball, location: 2F
3-2: Strikes out swinging
Top of the 6th over - 0 run(s), 1 hit(s), 0 error(s), 1 left on base; Havana 3 - Allentown 2
BOTTOM OF THE 6TH
Allentown Hillbillies batting - Pitching for Havana Rollers : RHP Chris Marshall
Batting: RHB José Mora 0-0: Ball
1-0: Fly out, F3 (Line Drive, 4S)
Batting: LHB John Hudson 0-0: Called Strike
0-1: Ball
1-1: Called Strike
1-2: Strikes out looking
Batting: RHB Diego Rivera 0-0: Foul Ball, location: 2F
0-1: Foul Ball, location: 2F
0-2: SINGLE (Line Drive, 34)
Batting: RHB Justin Harris 0-0: Called Strike
0-1: Ball
1-1: Ground out 4-3 (Groundball, 4D)
Bottom of the 6th over - 0 run(s), 1 hit(s), 0 error(s), 1 left on base; Havana 3 - Allentown 2
TOP OF THE 7TH
Havana Rollers batting - Pitching for Allentown Hillbillies : LHP Alejandro Castillo
Batting: RHB Francisco Rincón 0-0: Ball
1-0: Ball
2-0: Called Strike
2-1: Ball
3-1: Ground out 6-3 (Groundball, 6)
Batting: SHB Pepe Piña 0-0: Swinging Strike
0-1: Ball
1-1: Ball
2-1: Ball
3-1: Base on Balls
Pitching: RHP Pepe Fernández
Batting: RHB Paul Bailey 0-0: Ball
1-0: Ball
2-0: Ground out 4-3 (Groundball, 4S)
Pepe Piña to second
Batting: SHB Yasuhiro Ikarashi 0-0: Ball
1-0: Ground out U3 (Groundball, 3)
Top of the 7th over - 0 run(s), 0 hit(s), 0 error(s), 1 left on base; Havana 3 - Allentown 2
BOTTOM OF THE 7TH
Allentown Hillbillies batting - Pitching for Havana Rollers : RHP Chris Marshall
Batting: RHB Albert Lutz 0-0: Ball
1-0: Foul Ball, location: 2F
1-1: Ball
2-1: Swinging Strike
2-2: Foul Ball, location: 2F
2-2: Fly out, F9 (Flyball, 9S)
Batting: RHB Joel Jackson 0-0: Ball
1-0: Ground out 5-3 (Groundball, 56S)
Batting: RHB Dan Banks 0-0: Ball
1-0: Ball
2-0: Ground out 4-3 (Groundball, 4)
Bottom of the 7th over - 0 run(s), 0 hit(s), 0 error(s), 0 left on base; Havana 3 - Allentown 2
TOP OF THE 8TH
Havana Rollers batting - Pitching for Allentown Hillbillies : RHP Pepe Fernández
Pitching: LHP Emílio Trevino
Batting: LHB Zhi-huan Loong 0-0: Ground out U3 (Groundball, 3)
Pitching: LHP Dan Rogers
Batting: RHB Mitsuharu Matsumoto 0-0: Foul Ball, location: 2F
0-1: Foul Ball, location: 2F
0-2: Strikes out swinging
Batting: RHB León Rivera 0-0: Ball
1-0: Ground out 4-3 (Groundball, 4S)
Top of the 8th over - 0 run(s), 0 hit(s), 0 error(s), 0 left on base; Havana 3 - Allentown 2
BOTTOM OF THE 8TH
Allentown Hillbillies batting - Pitching for Havana Rollers : RHP Chris Marshall
Now at SS: Chad Case
Batting: LHB Rafael Flores 0-0: Ball
1-0: Called Strike
1-1: Swinging Strike
1-2: Strikes out swinging
Batting: RHB António Yánez 0-0: Called Strike
0-1: Called Strike
0-2: SINGLE (Groundball, 56D)
Batting: RHB José Mora 0-0: Ground out 4-3 (Groundball, 4S)
António Yánez to second
Batting: LHB John Hudson 0-0: Called Strike
0-1: Swinging Strike
0-2: Fly out, F8 (Flyball, 8LD)
Bottom of the 8th over - 0 run(s), 1 hit(s), 0 error(s), 1 left on base; Havana 3 - Allentown 2
TOP OF THE 9TH
Havana Rollers batting - Pitching for Allentown Hillbillies : LHP Dan Rogers
Pitching: RHP Dale Downs
Batting: LHB Enrique Cortéz 0-0: Swinging Strike
0-1: Foul Ball, location: 2F
0-2: Ball
1-2: Fly out, F8 (Flyball, 8LM)
Batting: RHB Jesús Villalobos 0-0: Ball
1-0: Ground out 6-3 (Groundball, 6)
Batting: RHB Francisco Rincón 0-0: Ball
1-0: Called Strike
1-1: TRIPLE (Flyball, 8LXD)
Batting: SHB Pepe Piña 0-0: Called Strike
0-1: Ball
1-1: Swinging Strike
1-2: Foul Ball, location: 2F
1-2: Foul Ball, location: 2F
1-2: Foul Ball, location: 2F
1-2: Foul Ball, location: 2F
1-2: Strikes out looking
Top of the 9th over - 0 run(s), 1 hit(s), 0 error(s), 1 left on base; Havana 3 - Allentown 2
BOTTOM OF THE 9TH
Allentown Hillbillies batting - Pitching for Havana Rollers : RHP Chris Marshall
Pitching: RHP Valentín Luna
Batting: RHB Diego Rivera 0-0: Foul Ball, location: 2F
0-1: Swinging Strike
0-2: Ground out 5-3 (Groundball, 56S)
Pinch Hitting: LHB Marcos Vargas 0-0: Foul Ball, location: 2F
0-1: Ball
1-1: Ball
2-1: Foul Ball, location: 2F
2-2: Ball
3-2: SINGLE (Groundball, 4MD)
Batting: RHB Albert Lutz 0-0: Called Strike
0-1: Ball
1-1: Ball
2-1: Called Strike
2-2: Foul Ball, location: 2F
2-2: Ball
3-2: Base on Balls
Marcos Vargas to second
Batting: RHB Joel Jackson 0-0: Swinging Strike
0-1: Ball
1-1: Called Strike
1-2: 3-RUN HOME RUN (Flyball, 78XD), Distance : 406 ft
Tuesday, August 8th, 2017 - OOTP Baseball 17.12 Build 75